 Dungeon Crawl Stone Soup version 0.8.0-a0-6013-g0155d97 character file.

763 ekiM the Cudgeler (level 7, 0/66 HPs)
             Began as an Ogre Hunter on Mar 29, 2011.
             Succumbed to a kobold's poison
             ... on Level 4 of the Dungeon.
             The game lasted 00:11:33 (3764 turns).

ekiM the Cudgeler (Ogre Hunter)                     Turns: 3764, Time: 00:11:33

HP   0/66        AC  6     Str 18 Exp: 7/744 (348), need: 366
MP   6/6         EV 10     Int 10 (12) God:
Gold 243         SH  0     Dex 10      Spells:  0 memorised,  6 levels left

Res.Fire  : . . .   See Invis. : .   a - +0 giant club
Res.Cold  : . . .   Warding    : . . i - +1 robe
Life Prot.: . . .   Conserve   : .   (shield restricted)
Res.Acid. : . . .   Res.Corr.  : .   (helmet restricted)
Res.Poison: .       Clarity    : .   s - +1 cloak
Res.Elec. : .       Spirit.Shd : .   (gloves unavailable)
Sust.Abil.: . .     Stasis     : .   (boots unavailable)
Res.Mut.  : .       Ctrl.Telep.: .   o - amulet of the gourmand
Res.Rott. : .       Levitation : .   (no ring)
Gourmand  : +       Ctrl.Flight: .   (no ring)

@: mildly poisoned, slightly resistant to hostile enchantments, unstealthy
A: unfitting armour, fast metabolism 1, saprovore 1, tough skin 1
a: no special abilities


You were on level 4 of the Dungeon.
You were completely stuffed.

You visited 1 branch of the dungeon, and saw 4 of its levels.

You collected 223 gold pieces.

Inventory:

Hand weapons
 a - a +0,+0 giant club (weapon)
 b - a -1,+1 orcish mace
 d - a +0 blowgun
 e - a +0,+0 knife
 g - a +2,+2 dagger of draining
 l - a +0,+0 club
 q - a -3,-1 mace
 r - a +4,+4 quarterstaff of chaos
 z - a +0,+1 dwarven hammer
 C - a +0,+0 giant club
Missiles
 c - 2 +0 throwing nets
 v - 2 +0 darts
 w - 12 poisoned +0 needles
 x - 5 +1 large rocks (quivered)
 D - a -2 throwing net
Armour
 i - a +1 robe (worn)
 k - a +0 animal skin
 s - a +1 cloak (worn)
Magical devices
 j - a wand of frost (7)
Comestibles
 f - 3 meat rations
 u - an apple
 y - 4 rotting chunks of orc flesh
 A - a rotting chunk of worker ant flesh
 B - a snozzcumber
Scrolls
 h - a scroll of teleportation {unknown}
 m - 2 scrolls of identify
 p - a scroll of detect curse {unknown}
Jewellery
 n - an uncursed amulet of stasis {unknown}
 o - an amulet of the gourmand (around neck)
 t - an uncursed ring of teleportation You had 348 experience left.


   Skills:
 + Level 4 Fighting
 + Level 6 Maces & Flails
 - Level 5 Throwing
 - Level 2 Dodging
 - Level 1 Stealth


You had 6 spell levels left.
You didn't know any spells.

Dungeon Overview and Level Annotations

Branches:
Dungeon (4/27)
 Temple: D:4-7

Altars:
Makhleb

Annotations
D:3 iron imps, 1 exclusion


Innate Abilities, Weirdness & Mutations

You are too large for most types of armour.
You have a fast metabolism.
You can tolerate rotten meat.
You have tough skin (AC +1).


Message History

You're too full to eat anything.
You see here a hound corpse.
You start resting.
* * * LOW HITPOINT WARNING * * *
You feel sick.
You start resting.
You die...

# .# #########.#
#.........#
#......O..#
#.........#
#.........#
#.........#
#########.........#
..................#
###################


There were no monsters in sight!

Vanquished Creatures
  2 ogres (D:4)
  A giant frog (D:4)
  An iron imp (D:3)
  Crazy Yiuf (D:2)
  A hound (D:4)
  2 orc wizards (D:4)
  2 worker ants (D:4)
  6 snakes
  A worm (D:3)
  3 oozes
  5 orcs (D:4)
  5 giant cockroaches
  9 goblins
  8 hobgoblins
  4 jackals (D:2)
  6 megabats
  3 small snakes (D:2)
  3 giant newts
  8 kobolds
  11 rats
  A toadstool (D:1)
83 creatures vanquished.

Vanquished Creatures (others)
  A goblin (D:1)
  A jackal (D:1)
  A rat (D:2)
  2 toadstools (D:2)
5 creatures vanquished.

Grand Total: 88 creatures vanquished

Notes
Turn   | Place    | Note
--------------------------------------------------------------
     0 | D:1      | ekiM, the Ogre Hunter, began the quest for the Orb.
     0 | D:1      | Reached XP level 1. HP: 16/16 MP: 0/0
   130 | D:1      | Reached XP level 2. HP: 24/24 MP: 1/1
   800 | D:1      | Reached XP level 3. HP: 25/32 MP: 2/2
  1682 | D:2      | Reached XP level 4. HP: 40/40 MP: 3/3
  1697 | D:2      | Noticed Crazy Yiuf
  1700 | D:2      | Defeated Crazy Yiuf
  2112 | D:2      | Reached skill level 1 in Stealth
  2404 | D:3      | Reached XP level 5. HP: 34/49 MP: 4/4
  2419 | D:3      | Found a burning altar of Makhleb.
  2532 | D:3      | Reached skill level 5 in Maces & Flails
  3215 | D:4      | Reached skill level 6 in Maces & Flails
  3317 | D:4      | Reached XP level 6. HP: 49/57 MP: 5/5
  3556 | D:4      | Reached XP level 7. HP: 44/66 MP: 6/6
  3741 | D:4      | HP: 3/66 [poisoned by a kobold]
  3746 | D:4      | HP: 3/66 [poisoned by a kobold]
  3750 | D:4      | Reached skill level 5 in Throwing
  3753 | D:4      | HP: 2/66 [poisoned by a kobold]
  3759 | D:4      | HP: 3/66 [poisoned by a kobold]
  3763 | D:4      | HP: 1/66 [poisoned by a kobold]
  3764 | D:4      | Succumbed to a kobold's poison
